 Dungeon Crawl Stone Soup version 0.19.0-1-g5985abe (webtiles) character file.

437585 theElss the Eclecticist (level 22, -5/138 (139) HPs)
             Began as a High Elf Conjurer on Oct 30, 2016.
             Was the Champion of Vehumet.
             Slain by a necrophage (6 damage)
             ... summoned by a curse skull
             ... on level 3 of the Vaults on Nov 2, 2016.
             The game lasted 07:37:59 (92248 turns).

theElss the Eclecticist (High Elf Conjurer)        Turns: 92248, Time: 07:37:59

HP:   -5/138 (139)  AC: 19    Str:  4    XL:     22   Next: 96%
MP:   3/47          EV: 21    Int: 31    God:    Vehumet [******]
Gold: 3003          SH:  8    Dex: 18    Spells: 14 memorised, 12 levels left

rFire  + + +     SeeInvis .     b - +3 Elemental Staff {rElec rF++ rC++ MR++ AC+5}
rCold  + + .     Gourm    +     D - +3 leather armour of the Seven Nights {MR++ Regen+ rCorr Stlth+}
rNeg   + . .     Faith    .     W - +0 buckler {reflect}
rPois  .         Spirit   .     U - +0 helmet
rElec  +         Reflect  +     v - +2 cloak {rC+}
rCorr  +         Harm     .     H - +2 pair of gloves
MR     +++++                    s - +0 pair of boots
Stlth  +++.......               K - amulet of the gourmand
                                N - ring of positive energy
                                B - ring "Rethumn" {Fire +Blink Str-5 Int+4}

@: about to teleport, delayed fireball, repel missiles, drained
A: frail 1
a: Renounce Religion, Release Delayed Fireball, Evoke Blink
}: 2/15 runes: serpentine, barnacled


You were on level 3 of the Vaults.
You worshipped Vehumet.
Vehumet was exalted by your worship.
You were very full.

You visited 10 branches of the dungeon, and saw 40 of its levels.
You also visited: Labyrinth and Ice Cave.

You collected 4844 gold pieces.
You spent 1841 gold pieces at shops.

Inventory:

Hand Weapons
 a - the +1 war axe "Wuzusmiv" {flame, +Rage +Fly Str+3 SInv}
   (You found it on level 1 of the Lair of Beasts)

   It has been specially enchanted to burn those struck by it, causing extra
   injury to most foes and up to half again as much damage against particularly
   susceptible opponents.
   Big, fiery blades are also staple armaments of hydra-hunters.
   It affects your strength (+3).
   It lets you see invisible.
   It lets you fly.
   It lets you go berserk.
 b - the +3 Elemental Staff (weapon) {rElec rF++ rC++ MR++ AC+5}
   (You found it on level 1 of the Elven Halls)

   It affects your AC (+5).
   It greatly protects you from fire.
   It greatly protects you from cold.
   It insulates you from electricity.
   It affects your resistance to hostile enchantments.
Armour
 k - the +2 shield of Resistance {rF+ rC+ MR+}
   (You took it off a deep elf demonologist on level 3 of the Elven Halls)

   It protects you from fire.
   It protects you from cold.
   It affects your resistance to hostile enchantments.
 s - a +0 pair of boots (worn)
 v - a +2 cloak of cold resistance (worn)
 D - the +3 leather armour of the Seven Nights (worn) {MR++ Regen+ rCorr Stlth+}
   (You found it on level 1 of the Depths)

   It affects your resistance to hostile enchantments.
   It increases your rate of regeneration.
   It protects you from acid and corrosion.
   It makes you more stealthy.
 H - a +2 pair of gloves (worn)
 U - a +0 helmet (worn)
 W - a +0 buckler of reflection (worn)
Magical Staves
 A - an uncursed staff of fire
Jewellery
 e - the amulet of Ymesafu {Faith rF+ Int+4, unknown}
   (You found it on level 3 of the Vaults)

   [amulet of faith]

   It allows you to gain divine favour quickly.
   It affects your intelligence (+4).
   It protects you from fire.
 f - an uncursed ring of protection from magic
 m - an uncursed ring of magical power
 t - a +6 amulet of reflection
 w - an uncursed ring of resist corrosion
 B - the ring "Rethumn" (left hand) {Fire +Blink Str-5 Int+4}
   (You found it in a labyrinth)

   [ring of fire]

   It enhances your fire magic.
   It affects your strength (-5).
   It affects your intelligence (+4).
   It protects you from fire.
   It makes you vulnerable to cold.
   It lets you blink.
 F - an uncursed ring of poison resistance
 K - an amulet of the gourmand (around neck)
 N - a ring of positive energy (right hand)
Wands
 L - a wand of iceblast (7/15)
 Q - a wand of digging (6/24)
 T - a wand of hasting (3/9)
 X - a wand of slowing (19/48)
Scrolls
 j - 10 scrolls of identify
 l - 15 scrolls of teleportation
 q - 4 scrolls of blinking
 u - 10 scrolls of remove curse
 y - 2 scrolls of magic mapping
 z - 5 scrolls of fear
 I - 3 scrolls of enchant armour
 P - 5 scrolls of fog
Potions
 h - 3 potions of heal wounds
 n - 3 potions of magic
 o - 3 potions of resistance
 x - 14 potions of curing
 G - 6 potions of haste
Books
 d - a book of Cantrips

   Spells                             Type                      Level
   a - Confusing Touch                Hexes                        1
   b - Animate Skeleton               Necromancy                   1
   c - Summon Small Mammal            Summoning                    1
   d - Apportation                    Translocation                1
 M - the Compendium of the Mutagenic Rocks
   (You found it on level 3 of the Vaults)

   Spells                             Type                      Level
   a - Stone Arrow                    Conjuration/Earth            3
   b - Irradiate                      Conjuration/Transmutation    5
   c - Lee's Rapid Deconstruction     Earth                        5
   d - Yara's Violent Unravelling     Hexes/Transmutation          5
Miscellaneous
 p - a crystal ball of energy
 r - a lamp of fire
 C - a phial of floods
 O - a lamp of fire
 R - a box of beasts
Comestibles
 c - 32 bread rations
 i - 25 meat rations
 E - 24 fruits
 J - 4 beef jerkies


   Skills:
 - Level 14.3(13.2) Fighting
 - Level 15.3(14.1) Dodging
 - Level 2.1(1.3) Stealth
 + Level 16.1(14.9) Shields
 - Level 20.2(19.0) Spellcasting
 - Level 20.0(18.7) Conjurations
 - Level 13.5(12.4) Fire Magic
 - Level 13.9(12.8) Evocations


You had 12 spell levels left.
You knew the following spells:

 Your Spells              Type           Power        Failure   Level  Hunger
a - Magic Dart            Conj           ####         0%          1    None
b - Iskenderun's Battles  Conj/Chrm      ######..     1%          5    None
c - Searing Ray           Conj           ######       0%          2    None
d - Iskenderun's Mystic   Conj           #######.     0%          4    None
e - Flame Tongue          Conj/Fire      #####        0%          1    None
f - Fireball              Conj/Fire      ########..   1%          5    None
g - Cause Fear            Hex            ####......   24%         4    None
h - Mephitic Cloud        Conj/Pois/Air  ######..     1%          3    None
i - Repel Missiles        Chrm/Air       ####..       4%          2    None
j - Bolt of Magma         Conj/Fire/Erth #######...   1%          5    None
k - Delayed Fireball      Conj/Fire      N/A          1%          7    ###....
l - Bolt of Fire          Conj/Fire      ########..   1%          6    None
m - Ring of Flames        Chrm/Fire      #######...   99%         7    ###....
n - Blink                 Tloc           N/A          4%          2    None


Dungeon Overview and Level Annotations

Branches:
Dungeon (15/15)            Temple (1/1) D:6            Lair (6/6) D:9
 Shoals (4/4) Lair:2        Snake (4/4) Lair:4        Slime (0/5) Lair:6
    Orc (2/2) D:12            Elf (3/3) Orc:2        Vaults (3/5) D:13
  Crypt (1/3) Vaults:3     Depths (1/5) D:15

Altars:
Ashenzari
Cheibriados
Dithmenos
Elyvilon
Fedhas
Gozag
Hepliaklqana
Kikubaaqudgha
Makhleb
Nemelex Xobeh
Okawaru
Qazlal
Ru
Sif Muna
Trog
Uskayaw
Vehumet
Xom
Yredelemnul
Zin
The Shining One
Beogh

Shops:
D:7 (   D:10 (   D:13 ?   Orc:1 !   Orc:2 :(*(   Elf:3 =}}?   Snake:2 *
Vaults:2 :

Portals:
Hell: Depths:1

Annotations:
Elf:2 3 runed doors


Innate Abilities, Weirdness & Mutations

You are frail. (-10% HP)


Message History

The curse skull calls on the powers of darkness!
Your body is wracked with pain!
The titan zombie hits you!!
* * * LOW HITPOINT WARNING * * *
The storm dragon zombie bites you but does no damage.
The storm dragon zombie claws you!
* * * LOW HITPOINT WARNING * * *
The storm dragon zombie barely misses you.
The shadow strikes at you from the darkness!
* * * LOW HITPOINT WARNING * * *
Reactivating autopickup.
Something barely misses you. You block the necrophage's attack.
The titan zombie closely misses you. Something hits you.
* * * LOW HITPOINT WARNING * * *
Deactivating autopickup; reactivate with Ctrl-A.
Something closely misses you. The storm dragon zombie bites you.
* * * LOW HITPOINT WARNING * * *
The storm dragon zombie claws you but does no damage.
The storm dragon zombie closely misses you.
The shadow hits you. Something closely misses you. The necrophage hits you.
You die...

.###.# #........
.#c#.# #....(...
.###.# #...#..#.
.....# ### #........
.###.# ####.####
#.....#.. .#L#.#
#.......# #..#..###
.###.# #.#####.#
#....###. .....#
##.#)Zz#.##
#......#. ######
#..#n@{ZZ.#
#..#.....
##.#Z*W#.##
#.....#.. #.#####.#
#........ #
#....)))# #........
# ####.####
########. # ####'###
#. # #......# #. #
#......# ##### #.
#############......#
##(#.## #.


You could see a curse skull, a necrophage, a shadow, a glowing shapeshifter
simulacrum, a storm dragon zombie, a titan zombie, a frost giant skeleton and a
friendly battlesphere.

Vanquished Creatures
  Bai Suzhen (Snake:3)
  Vashnia (Snake:2)
  Saint Roka (Vaults:2)
  Jorgrun (Snake:3)
  Rupert (Snake:1)
  2 deep elf blademasters (Elf:3)
  2 deep elf master archers (Elf:3)
  Gastronok (Lair:1)
  A kraken (Shoals:3)
  2 sphinxes
  An ancient champion (Crypt:1)
  2 thorn hunters (Elf:1)
  Donald (Shoals:2)
  A tengu reaver (Vaults:3)
  A fire giant (Depths:1)
  Ilsuiw (Shoals:4)
  11 nagarajas
  2 revenants (Crypt:1)
  A frost giant (Vaults:3)
  5 deep elf sorcerers
  Aizul (Snake:1)
  7 vault wardens
  A balrug (Depths:1)
  2 ghouls (Crypt:1)
  5 deep elf elementalists
  The ghost of dvd the Cleaver, a journeyman TrMo of Qazlal (Orc:2)
  15 ironheart preservers
  3 very ugly things
  5 stone giants
  9 deep elf annihilators
  9 deep elf demonologists
  A white draconian (IceCv)
  Nessos (D:13)
  5 spark wasps (Depths:1)
  An eidolon (Crypt:1)
  4 ettins
  11 deep elf death magi
  A minotaur (Lab)
  6 merfolk javelineers
  2 great orbs of eyes
  13 merfolk impalers
  3 yaktaur captains
  3 fire dragons
  9 deep elf high priests
  A blizzard demon (Depths:1)
  12 ogre magi
  2 vault guards (Vaults:2)
  4 hydras
  5 rakshasas
  10 ice dragons
  5 merfolk avatars
  25 naga warriors
  A catoblepas (Lair:6)
  Erica (D:11)
  A ghost crab (shapeshifter) (D:15)
  2 peacekeepers (Elf:1)
  11 centaur warriors
  5 anacondas
  2 death knights (Vaults:3)
  3 satyrs (Shoals:2)
  6 merfolk aquamancers
  14 death yaks
  2 deep troll shamans
  13 dancing weapons
  5 orc high priests (Orc:2)
  Urug (D:15)
  2 deep troll earth magi
  3 tengu warriors
  10 shock serpents
  3 spriggan berserkers (Depths:1)
  14 naga sharpshooters
  2 sun demons
  Nergalle (D:12)
  2 shadow wraiths (Vaults:3)
  4 hell knights (D:12)
  A salamander mystic (Snake:2)
  17 deep elf knights
  7 unseen horrors
  17 skeletal warriors
  21 sea snakes
  2 flayed ghosts
  12 wizards
  An unseen horror (shapeshifter) (Vaults:2)
  4 naga ritualists
  A kraken simulacrum (Shoals:4)
  A glowing orange brain (Depths:1)
  12 deep trolls
  Pikel (D:8)
  8 hill giants
  12 ironbrand convokers
  14 deep elf archers
  4 necromancers
  17 orc knights
  4 oklob plants (Lair:6)
  22 harpies
  75 deep elf magi
  21 fauns
  8 mana vipers
  12 salamanders
  4 wolf spiders
  13 cyclopes
  5 orc sorcerers
  20 ugly things
  5 large abominations (D:12)
  21 manticores
  Maurice (D:10)
  5 guardian serpents
  Joseph (D:7)
  6 vault sentinels
  10 sirens
  16 elephants
  24 black mambas
  4 centaur zombies
  An elephant (shapeshifter) (Vaults:1)
  Psyche (D:8)
  2 rust devils (D:12)
  An orange demon (D:12)
  3 molten gargoyles (Elf:1)
  An ice statue (IceCv)
  2 smoke demons (Depths:1)
  27 naga magi
  3 water nymphs
  A gargoyle (D:11)
  A torpor snail (Lair:4)
  7 spiny frogs
  An efreet (D:13)
  6 komodo dragons
  4 freezing wraiths
  2 kobold demonologists (D:13)
  33 yaktaurs
  4 ice devils (Depths:1)
  3 rime drakes
  21 polar bears
  A meliai (shapeshifter) (Vaults:1)
  A jumping spider (shapeshifter) (Vaults:1)
  5 tengu conjurers
  49 merfolk
  9 trolls
  The ghost of cedor the Chopper, an amateur HOWr of Beogh (D:4)
  5 hornets
  17 two-headed ogres
  12 wind drakes
  A bog body (Crypt:1)
  3 slime creatures (D:12)
  A blink frog (shapeshifter) (Vaults:3)
  Grinder (D:3)
  2 meliai zombies (D:12)
  13 blink frogs
  20 hippogriffs
  8 dream sheep
  12 snapping turtles
  6 air elementals
  A vampire (D:13)
  A human simulacrum (Vaults:1)
  3 spriggans
  3 shadows
  41 yaks
  6 wyverns
  3 wraiths
  18 water elementals
  A basilisk (shapeshifter) (D:15)
  2 hill giant zombies (D:12)
  5 fire elementals
  3 basilisks
  3 hungry ghosts
  Grum (D:11)
  4 mottled dragons
  7 wargs
  Menkaure (D:6)
  70 nagas
  4 swamp worms (Lair:6)
  32 water moccasins
  9 porcupines
  7 hell hounds (D:12)
  3 slaves (D:8)
  A torturous demonspawn skeleton (Crypt:1)
  8 ice beasts
  A swamp drake (Lair:1)
  2 hornet zombies
  The ghost of appiemonkey the Skirmisher, an amateur HOFi (D:3)
  62 orc warriors
  5 phantoms
  10 boggarts
  6 sky beasts
  A necrophage (D:8)
  3 black bears
  38 centaurs
  A centaur (shapeshifter) (Vaults:1)
  28 wolves
  42 ogres
  18 crocodiles
  Blork the orc (D:5)
  4 big kobolds
  24 bullfrogs
  13 earth elementals
  3 troll zombies (D:12)
  4 scorpions
  19 killer bees
  A water moccasin skeleton (D:6)
  28 wights
  4 howler monkeys
  4 electric eels
  A bullfrog zombie (D:13)
  13 crimson imps
  2 quasits
  2 jellies
  3 bullfrog skeletons
  4 centaur skeletons
  5 hounds
  35 orc priests
  26 orc wizards
  Natasha (twice) (D:2)
  Jessica (D:2)
  Ijyb (D:3)
  5 iguanas
  10 worker ants
  7 small abominations (D:12)
  3 ogre zombies (D:12)
  A hound zombie (D:6)
  2 hound skeletons
  A worker ant zombie (D:10)
  3 gnolls (D:3)
  37 adders
  4 shadow imps
  7 white imps (Depths:1)
  An ooze (D:4)
  An adder zombie (D:9)
  20 worms
  A dart slug (D:2)
  9 leopard geckos
  154 orcs
  3 giant cockroaches
  13 goblins
  11 hobgoblins
  10 quokkas
  3 ball pythons
  5 bats
  5 frilled lizards
  3 goblin zombies (D:12)
  2 hobgoblin skeletons (D:12)
  4 hobgoblin zombies (D:12)
  22 kobolds
  2 leopard gecko skeletons (D:5)
  3 orc skeletons (D:12)
  13 orc zombies (D:12)
  11 rats
  3 fire vortices (Elf:1)
  2 fungi (Lair:6)
  16 plants
  2 tentacles
2103 creatures vanquished.

Vanquished Creatures (others)
  2 deep elf master archers (Elf:3)
  A centaur warrior (D:14)
  An anaconda (Snake:3)
  A naga sharpshooter (Snake:3)
  2 salamander mystics (Snake:3)
  A deep elf mage (Vaults:3)
  2 fauns
  5 salamanders
  2 mana vipers (Snake:3)
  A black mamba (Snake:3)
  2 naga magi (Snake:3)
  3 nagas (Snake:3)
  An orc warrior (Orc:2)
  An adder (Lair:1)
  An orc (Orc:1)
  15 fungi
  25 plants
  5 tentacles
71 creatures vanquished.

Grand Total: 2174 creatures vanquished

Notes
Turn   | Place    | Note
-------+----------+-------------------------------------------
     0 | D:1      | theElss the High Elf Conjurer began the quest for the Orb.
     0 | D:1      | Reached XP level 1. HP: 11/11 MP: 4/4
   384 | D:1      | Reached XP level 2. HP: 17/17 MP: 3/6
   465 | D:1      | Reached skill level 5 in Conjurations
   590 | D:1      | Learned a level 2 spell: Searing Ray
   895 | D:1      | Reached XP level 3. HP: 21/21 MP: 5/7
  1268 | D:2      | Found a faded altar of an unknown god.
  1805 | D:2      | Noticed Natasha
  1810 | D:2      | Killed Natasha
  1810 | D:2      | Reached XP level 4. HP: 8/27 MP: 3/9
  2266 | D:2      | Noticed Natasha
  2270 | D:2      | Killed Natasha
  2270 | D:2      | Reached XP level 5. HP: 31/31 MP: 3/11
  2483 | D:2      | Noticed Jessica
  2485 | D:2      | Killed Jessica
  3090 | D:3      | Noticed appiemonkey's ghost (amateur HOFi)
  3288 | D:3      | Noticed Ijyb
  3297 | D:3      | Killed Ijyb
  3297 | D:3      | Reached XP level 6. HP: 36/36 MP: 4/13
  3544 | D:3      | Killed appiemonkey's ghost
  3951 | D:3      | Noticed Grinder
  3981 | D:4      | Learned a level 4 spell: Iskenderun's Mystic Blast
  3987 | D:4      | Learned a level 5 spell: Iskenderun's Battlesphere
  4306 | D:4      | Reached skill level 5 in Spellcasting
  4415 | D:4      | Noticed an orc warrior
  4421 | D:4      | Reached XP level 7. HP: 41/41 MP: 11/15
  4550 | D:4      | Noticed cedor's ghost (amateur HOWr)
  5216 | D:4      | Reached skill level 1 in Shields
  5351 | D:4      | Reached XP level 8. HP: 46/46 MP: 11/18
  5627 | D:4      | Found a glowing silver altar of Zin.
  5627 | D:4      | Noticed an angel
  5690 | D:4      | Found a shimmering altar of Xom.
  5728 | D:5      | Entered Level 5 of the Dungeon
  6145 | D:5      | Noticed Blork the orc
  6147 | D:5      | Killed Blork the orc
  6430 | D:5      | Reached skill level 5 in Shields
  7061 | D:6      | Found an opulent altar of Gozag.
  7381 | D:6      | Noticed Menkaure
  7383 | D:6      | Killed Menkaure
  7383 | D:6      | Reached skill level 1 in Fighting
  7383 | D:6      | Reached XP level 9. HP: 29/53 MP: 11/20
  7686 | D:6      | Found a staircase to the Ecumenical Temple.
  7692 | Temple   | Entered the Ecumenical Temple
  7922 | Temple   | Became a worshipper of Vehumet
  8122 | D:6      | You fall through a shaft!
  8134 | D:6      | Got a slimy leather armour
  8970 | D:6      | Identified the cursed +1 leather armour of Vafuun {Stlth+} (You found it on level 6 of the Dungeon)
  9172 | D:7      | Found a white marble altar of Elyvilon.
  9187 | D:7      | Noticed Joseph
  9234 | D:7      | Reached skill level 10 in Conjurations
  9830 | D:7      | Reached * piety under Vehumet
  9830 | D:7      | Offered knowledge of Flame Tongue by Vehumet.
  9833 | D:7      | Learned a level 1 spell: Flame Tongue
 10234 | D:7      | Reached XP level 10. HP: 63/63 MP: 16/23
 10478 | D:7      | Found Dufi's Weapon Shop.
 11159 | D:8      | Noticed Pikel
 11397 | D:8      | Offered knowledge of Sandblast by Vehumet.
 11423 | D:8      | Reached ** piety under Vehumet
 11633 | D:8      | Found an opulent altar of Gozag.
 11633 | D:8      | Found a deep blue altar of Sif Muna.
 11636 | D:8      | Reached skill level 5 in Dodging
 11751 | D:8      | Noticed Psyche
 11759 | D:8      | Killed Psyche
 12184 | D:8      | Killed Pikel
 12359 | D:8      | Found a shattered altar of Ashenzari.
 12491 | D:9      | Reached skill level 10 in Spellcasting
 12817 | D:9      | Reached skill level 5 in Fighting
 12936 | D:9      | Found a staircase to the Lair.
 13145 | D:9      | Found a blossoming altar of Fedhas.
 13164 | D:9      | Offered knowledge of Mephitic Cloud by Vehumet.
 13174 | D:9      | Learned a level 3 spell: Mephitic Cloud
 13665 | D:9      | Reached XP level 11. HP: 69/69 MP: 13/26
 13842 | D:10     | Entered Level 10 of the Dungeon
 13842 | D:10     | Found Lyerok's Antique Weapon Shop.
 13987 | D:10     | Found a runed door.
 14085 | D:10     | Reached skill level 1 in Fire Magic
 14098 | D:10     | Reached *** piety under Vehumet
 14213 | D:10     | Noticed a hill giant
 14218 | D:10     | Killed a hill giant
 14636 | D:10     | Noticed Maurice
 14660 | D:10     | Killed Maurice
 14894 | D:10     | Offered knowledge of Ignite Poison by Vehumet.
 15277 | D:10     | Noticed an orc knight
 15288 | D:10     | Killed an orc knight
 15510 | D:10     | Found a roughly hewn altar of Beogh.
 15605 | D:11     | Noticed an unseen horror
 15608 | D:11     | Killed an unseen horror
 15759 | D:11     | Reached **** piety under Vehumet
 15873 | D:11     | Noticed a brown ugly thing
 15877 | D:11     | Killed a brown ugly thing
 15931 | D:11     | Offered knowledge of Olgreb's Toxic Radiance by Vehumet.
 16931 | D:11     | Noticed a hill giant
 17295 | D:11     | Noticed Grum
 17419 | D:11     | Killed Grum
 17443 | D:11     | Reached XP level 12. HP: 73/77 MP: 14/28
 17566 | D:11     | Noticed Erica
 17583 | D:11     | Killed Erica
 17671 | D:11     | Got a tattered robe
 17682 | D:11     | Identified the +1 robe of Olim {*Contam rElec rF++ Dex+8} (You found it on level 11 of the Dungeon)
 17836 | Lair:1   | Entered Level 1 of the Lair of Beasts
 18012 | Lair:1   | Got an ancient war axe
 18013 | Lair:1   | Identified the cursed +1 war axe "Wuzusmiv" {flame, +Rage +Fly Str+3 SInv} (You found it on level 1 of the Lair of Beasts)
 18016 | Lair:1   | Noticed Gastronok
 18023 | Lair:1   | Killed Gastronok
 18532 | Lair:1   | Reached ***** piety under Vehumet
 18682 | Lair:1   | Offered knowledge of Lee's Rapid Deconstruction by Vehumet.
 18755 | Lair:1   | Learned a level 4 spell: Cause Fear
 19097 | Lair:1   | Reached skill level 5 in Fire Magic
 19667 | Lair:1   | Learned a level 2 spell: Repel Missiles
 20482 | Lair:2   | Noticed a four-headed hydra
 20486 | Lair:2   | Killed a four-headed hydra
 20823 | Lair:2   | Reached XP level 13. HP: 88/88 MP: 14/31
 20982 | Lair:2   | Found a staircase to the Shoals.
 21215 | Lair:3   | Found a frozen archway.
 21257 | Lair:3   | Gained mutation: You are frail. (-10% HP) [mutagenic glow]
 21296 | IceCv    | Entered an ice cave
 22548 | IceCv    | Noticed a white draconian
 22565 | IceCv    | Killed a white draconian
 22978 | IceCv    | Got a steaming halberd
 23788 | Lair:2   | Identified the +3 halberd of Nuanibe {drain, MR+} (You found it in an ice cave)
 24458 | Lair:4   | Got an encrusted leather armour
 24618 | Lair:4   | Found a staircase to the Snake Pit.
 25324 | Lair:4   | Identified the +0 leather armour "Ezxuggagg" {+Blink rN+ Int-3 Dex+3} (You found it on level 4 of the Lair of Beasts)
 25893 | Lair:5   | Found a labyrinth entrance.
 25902 | Lab      | Entered a labyrinth
 26563 | Lab      | Noticed a minotaur
 26569 | Lab      | Killed a minotaur
 26582 | Lab      | Got a bound steel ring
 26584 | Lab      | Identified the ring "Rethumn" {Fire +Blink Str-5 Int+4} (You found it in a labyrinth)
 26590 | Lab      | Identified a +7 rod of inaccuracy (14/14) (You found it in a labyrinth)
 26764 | Lair:6   | Entered Level 6 of the Lair of Beasts
 26764 | Lair:6   | Found a shattered altar of Ashenzari.
 27332 | Lair:6   | Reached XP level 14. HP: 87/87 MP: 8/33
 27833 | Lair:6   | Offered knowledge of Fireball by Vehumet.
 27833 | Lair:6   | Reached skill level 15 in Conjurations
 27841 | Lair:6   | Learned a level 5 spell: Fireball
 28223 | Lair:5   | Reached skill level 10 in Dodging
 30147 | Lair:6   | Found a staircase to the Slime Pits.
 30342 | Lair:6   | Reached skill level 15 in Spellcasting
 30630 | Lair:6   | Reached skill level 10 in Fighting
 31681 | D:12     | Offered knowledge of Conjure Ball Lightning by Vehumet.
 32384 | D:12     | Noticed Nergalle
 32398 | D:12     | Killed Nergalle
 32398 | D:12     | Reached XP level 15. HP: 92/92 MP: 5/35
 33141 | D:12     | Found a runed door.
 33482 | D:12     | Found a staircase to the Orcish Mines.
 33866 | D:12     | Offered knowledge of Yara's Violent Unravelling by Vehumet.
 34669 | D:12     | Learned a level 5 spell: Bolt of Magma
 34931 | Orc:1    | Entered Level 1 of the Orcish Mines
 35461 | Orc:2    | Entered Level 2 of the Orcish Mines
 35473 | Orc:2    | Noticed dvd's ghost (journeyman TrMo)
 36060 | Orc:1    | Found Fatedaac's Distillery.
 36106 | Orc:1    | Bought a potion of berserk rage for 75 gold pieces
 36106 | Orc:1    | Bought a potion of mutation for 37 gold pieces
 36106 | Orc:1    | Bought a potion of mutation for 37 gold pieces
 36106 | Orc:1    | Bought a potion of lignification for 45 gold pieces
 37457 | Orc:2    | Found a staircase to the Elven Halls.
 38522 | Orc:2    | Offered knowledge of Poison Arrow by Vehumet.
 39211 | Orc:2    | Killed dvd's ghost
 40038 | Orc:2    | Found Otach's Antique Weapon Shoppe.
 40041 | Orc:2    | Found Jiyx's Antique Weapon Shoppe.
 40042 | Orc:2    | Found Dasesawk's Book Shoppe.
 40043 | Orc:2    | Found Guxeulo's General Store.
 40049 | Orc:2    | Bought a potion of heal wounds for 50 gold pieces
 40678 | Orc:2    | Bought a +0 helmet for 45 gold pieces
 40821 | D:13     | Noticed Nessos
 40824 | D:13     | Killed Nessos
 41446 | D:13     | Found Nooblos's Magic Scroll Shoppe.
 41468 | D:13     | Bought a scroll of blinking for 90 gold pieces
 41468 | D:13     | Bought a scroll of noise for 12 gold pieces
 41468 | D:13     | Bought a scroll of torment for 90 gold pieces
 41468 | D:13     | Bought a scroll of vulnerability for 90 gold pieces
 41833 | D:13     | Found a gate to the Vaults.
 42462 | D:13     | Reached XP level 16. HP: 100/100 MP: 18/37
 42682 | D:14     | Reached ****** piety under Vehumet
 42685 | D:14     | Offered knowledge of Delayed Fireball by Vehumet.
 42780 | D:14     | Learned a level 7 spell: Delayed Fireball
 43318 | D:14     | Found Dotzeat's Weapon Shop.
 43725 | D:14     | Found a glowing golden altar of the Shining One.
 43746 | D:15     | Entered Level 15 of the Dungeon
 43937 | D:15     | Noticed Urug
 43943 | D:15     | Killed Urug
 44687 | D:15     | Reached skill level 10 in Fire Magic
 44867 | D:15     | Found a staircase to the Depths.
 45889 | Shoals:1 | Entered Level 1 of the Shoals
 46623 | Shoals:1 | Offered knowledge of Bolt of Fire by Vehumet.
 46722 | Shoals:1 | Learned a level 6 spell: Bolt of Fire
 48354 | Shoals:2 | Noticed Donald
 48358 | Shoals:2 | Killed Donald
 48358 | Shoals:2 | Reached XP level 17. HP: 107/107 MP: 21/39
 50215 | Shoals:2 | Offered knowledge of Lehudib's Crystal Spear by Vehumet.
 50215 | Shoals:2 | Offered knowledge of Chain Lightning by Vehumet.
 50215 | Shoals:2 | Offered knowledge of Tornado by Vehumet.
 50389 | Shoals:2 | Upgraded the game from 0.19-b1-4-gd8a0a2a to 0.19-b1-5-gdc9fa9d
 50727 | Shoals:3 | Noticed a kraken
 50729 | Shoals:3 | Killed a kraken
 51536 | Shoals:4 | Entered Level 4 of the Shoals
 53457 | Shoals:4 | Noticed Ilsuiw
 53460 | Shoals:4 | Killed Ilsuiw
 53755 | Shoals:4 | Reached XP level 18. HP: 55/115 MP: 13/41
 54602 | Shoals:4 | Got a barnacled rune of Zot
 54784 | Shoals:4 | Got a pitted scimitar {flame}
 54785 | Shoals:4 | Identified the +5 scimitar of the Empty Page {flame, rElec rF+ rN+ MR-} (You took it off a merfolk on level 4 of the Shoals)
 55553 | Lair:2   | Identified a scroll of acquirement
 55740 | Vaults:1 | Entered Level 1 of the Vaults
 59192 | Vaults:2 | Found Lahuulah's Book Shop.
 60101 | Vaults:2 | Noticed Saint Roka
 60115 | Vaults:2 | Killed Saint Roka
 60115 | Vaults:2 | Reached XP level 19. HP: 96/121 MP: 7/43
 62192 | Vaults:2 | Bought a book of Clouds for 585 gold pieces
 62200 | Vaults:2 | Learned a level 7 spell: Ring of Flames
 62304 | Depths:1 | Entered Level 1 of the Depths
 64836 | Depths:1 | Reached skill level 15 in Dodging
 65709 | Depths:1 | Found a gateway to Hell.
 66499 | Depths:1 | Reached XP level 20. HP: 129/129 MP: 36/45
 66539 | Depths:1 | Got a faintly glowing leather armour
 66550 | Depths:1 | Identified the +3 leather armour of the Seven Nights {MR++ Regen+ rCorr Stlth+} (You found it on level 1 of the Depths)
 67074 | Elf:1    | Entered Level 1 of the Elven Halls
 67076 | Elf:1    | Reached skill level 1 in Evocations
 67735 | Elf:1    | Reached skill level 5 in Evocations
 69163 | Elf:1    | Identified the Compendium of the Glacier
 69166 | Elf:1    | Identified the Volume of Weightlessness
 69591 | Elf:2    | Found a runed gate.
 69591 | Elf:2    | Found a runed gate.
 69591 | Elf:2    | Found a runed gate.
 70636 | Elf:2    | Reached skill level 10 in Evocations
 70954 | Elf:3    | Entered Level 3 of the Elven Halls
 71089 | Elf:3    | Found Vemutup's Magic Scroll Emporium.
 71916 | Elf:3    | Found Xefiv's Jewellery Boutique.
 71916 | Elf:3    | Found Mosuboaq's Gadget Shoppe.
 71917 | Elf:3    | Found Lonuq's Gadget Shoppe.
 73267 | Elf:3    | Reached XP level 21. HP: 134/134 MP: 33/46
 74512 | Elf:3    | Identified Sif Muna's Almanac of the Voyage
 74518 | Elf:3    | Identified Sif Muna's Handbook of Envenoming
 74592 | Elf:3    | Got a transparent morningstar {flame}
 74623 | Elf:3    | Got a smoking hunting sling
 74636 | Elf:3    | Got a jewelled plate armour
 74638 | Elf:3    | Got a bloodstained triple crossbow
 75433 | Elf:3    | Got a shimmering great sword {protect}
 76366 | Elf:3    | Bought an uncursed ring of poison resistance for 340 gold pieces
 76498 | Orc:2    | Bought a scroll of remove curse for 30 gold pieces
 76868 | Snake:1  | Entered Level 1 of the Snake Pit
 77343 | Snake:1  | Noticed Aizul
 77349 | Snake:1  | Killed Aizul
 77554 | Snake:1  | Noticed Rupert
 77564 | Snake:1  | Killed Rupert
 78449 | Snake:2  | Noticed Vashnia
 78554 | Snake:2  | Killed Vashnia
 78875 | Snake:2  | Found Barch's Assorted Antiques.
 78883 | Snake:2  | Bought a pair of runed gloves for 315 gold pieces
 79430 | Snake:2  | Upgraded the game from 0.19-b1-5-gdc9fa9d to 0.19.0
 80289 | Snake:2  | Reached skill level 10 in Shields
 80927 | Lair:2   | Learned a level 2 spell: Blink
 81021 | Snake:3  | Noticed Bai Suzhen
 81719 | D:3      | Killed Grinder
 81994 | D:4      | Killed cedor's ghost
 82353 | D:7      | Found a white marble altar of Elyvilon.
 82496 | D:7      | Found Dufi's Weapon Shop.
 82514 | D:7      | Killed Joseph
 82788 | Snake:3  | Noticed Jorgrun
 82791 | Snake:3  | Killed Jorgrun
 83361 | Snake:3  | Killed Bai Suzhen
 83847 | Snake:4  | Entered Level 4 of the Snake Pit
 84857 | Snake:4  | Reached XP level 22. HP: 123/139 MP: 33/47
 88270 | Snake:4  | Got a serpentine rune of Zot
 88461 | Lair:2   | Upgraded the game from 0.19.0 to 0.19.0-1-g5985abe
 88929 | Vaults:3 | Got a wavering ruby amulet
 90352 | Vaults:3 | Reached skill level 15 in Shields
 90934 | Vaults:3 | Identified the Compendium of the Mutagenic Rocks
 91241 | Vaults:3 | Found a staircase to the Crypt.
 91248 | Crypt:1  | Entered Level 1 of the Crypt
 92248 | Vaults:3 | HP: 1/138 [storm dragon zombie[a curse skull] (6)]
 92248 | Vaults:3 | Slain by a necrophage

Skill      XL: |  1  2  3  4  5  6  7  8  9 10 11 12 13 14 15 16 17 18 19 20 21 22 |
---------------+-------------------------------------------------------------------+-----
Conjurations   | 5 6 7 8 9 10 11 12 13 14 15 16 17 18 19 20 | 20.0
Spellcasting   | 3 4 5 6 7 8 10 11 13 14 15 16 17 18 19 20 | 20.2
Shields        | 2 6 11 16 | 16.1
Fighting       | 1 3 5 6 7 9 10 11 12 13 14 | 14.3
Dodging        | 4 5 7 8 9 11 12 13 14 15 | 15.3
Fire Magic     | 3 5 6 8 9 10 11 12 13 | 13.5
Evocations     | 12 13 | 13.9
Stealth        | |  2.1

Action                   |  1- 3 |  4- 6 |  7- 9 | 10-12 | 13-15 | 16-18 | 19-21 | 22-24 || total
-------------------------+-------+-------+-------+-------+-------+-------+-------+-------++-------
Melee: Dagger            |     3 |       |     9 |     2 |       |       |       |       ||    14
       War axe           |       |       |       |     2 |     4 |       |     2 |       ||     8
       Staff             |       |       |       |       |     4 |     4 |       |       ||     8
 Cast: Magic Dart        |    79 |    85 |   179 |   334 |   201 |    56 |    61 |    29 ||  1024
       Searing Ray       |     2 |    15 |    39 |    43 |    15 |     1 |     4 |     3 ||   122
       Iskenderun's Myst |       |     1 |    53 |   226 |   496 |   398 |   434 |   157 ||  1765
       Iskenderun's Batt |       |       |       |    44 |   180 |   180 |   202 |    78 ||   684
       Flame Tongue      |       |       |       |     1 |       |       |     2 |       ||     3
       Mephitic Cloud    |       |       |       |     8 |     3 |       |       |       ||    11
       Repel Missiles    |       |       |       |     1 |     2 |     6 |     5 |     2 ||    16
       Cause Fear        |       |       |       |       |     4 |       |       |     1 ||     5
       Fireball          |       |       |       |       |   125 |   231 |   233 |    68 ||   657
       Bolt of Magma     |       |       |       |       |    11 |    13 |     1 |       ||    25
       Delayed Fireball  |       |       |       |       |       |     1 |       |       ||     1
       Bolt of Fire      |       |       |       |       |       |    32 |   120 |    73 ||   225
       Blink             |       |       |       |       |       |       |     1 |       ||     1
 Abil: Evoke Flight      |       |       |       |       |       |       |     4 |       ||     4
       Stop Flying       |       |       |       |       |       |       |     1 |       ||     1
Evoke: Wand              |       |       |       |       |     1 |       |       |       ||     1
  Use: Scroll            |       |       |       |    13 |    13 |     5 |     8 |     4 ||    43
       Potion            |       |       |       |     2 |     2 |     1 |     2 |     2 ||     9
  Eat: Chunk             |     3 |     7 |    23 |    37 |    71 |    55 |    90 |    21 ||   307
       Fruit             |       |       |       |     2 |     2 |       |       |       ||     4
       Beef jerky        |       |       |       |       |     1 |       |     1 |       ||     2
       Pizza             |       |       |       |       |       |       |       |     1 ||     1
Armor: Robe              |     6 |    11 |     7 |    27 |    29 |     2 |     8 |       ||    90
       Leather armour    |       |       |     5 |     2 |       |       |    24 |    24 ||    55
       Mottled dragon sc |       |       |       |       |     3 |    29 |       |       ||    32
Dodge: Dodged            |    22 |    20 |    57 |   136 |   154 |   135 |   143 |    72 ||   739
       Deflected         |       |       |       |       |     8 |    20 |    22 |     5 ||    55
Block: Buckler           |       |       |    17 |    65 |    48 |    61 |    72 |    35 ||   298
       Reflection        |       |       |       |       |     2 |    28 |    31 |    10 ||    71
